 Dungeon Crawl Stone Soup version 0.30-a0-222-ge547ba4400 (webtiles) character file.

Game seed: 14665816962681949718

22 Decritt the Magician (level 3, 27/27 HPs)
             Began as a Djinni Earth Elementalist on Oct 8, 2022.
             Quit the game on level 1 of the Dungeon.
             The game lasted 00:01:43 (668 turns).

Decritt the Magician (Djinni Earth Elementalist)     Turns: 668, Time: 00:01:44

Health: 27/27      AC:  2    Str:  7    XL:     3   Next: 7%
Gold:   90         EV: 12    Int: 18    God:
                   SH:  0    Dex: 13

rFire   + + .      SeeInvis .    (no weapon)
rCold   x . .      Faith    .    (no shield)
rNeg    . . .      Spirit   .    a - +0 robe
rPois   ∞          Reflect  .    (no helmet)
rElec   .          Harm     .    (no cloak)
rCorr   .          Rampage  .    (no gloves)
Will    .....                    (boots unavailable)
Stlth   ++........               (no amulet)
HPRegen 0.24/turn                (no ring)
MPRegen 0.00/turn                (no ring)

@: flying
A: sickness immunity, fire resistance 2, cold vulnerability 1, float, innate
caster, HP casting, extra vitality 1
a: no special abilities


You were on level 1 of the Dungeon.
You visited 1 branch of the dungeon, and saw 1 of its levels.

You collected 90 gold pieces.

Inventory:

Armour
 a - a +0 robe (worn)
Scrolls
 b - 3 scrolls of noise {unknown}
 c - 2 scrolls of immolation {unknown}
 d - 2 scrolls of teleportation {unknown}
 e - a scroll of identify {unknown}
 h - a scroll of acquirement {unknown}
 i - a scroll of fear {unknown}
Potions
 f - a potion of degeneration {unknown}
 g - a potion of ambrosia {unknown}


   Skills:
 + Level 1.5 Fighting
 - Level 2.1 Dodging
 - Level 1.5 Stealth
 + Level 2.8 Spellcasting


You couldn't memorise any spells.
You knew the following spells:

 Your Spells              Type           Power      Damage    Failure   Level
a - Sandblast             Erth           24%        2d8       5%          1
b - Passwall              Tmut/Erth      10%        N/A       8%          2
c - Stone Arrow           Conj/Erth      24%        3d8       16%         3
d - Petrify               Tmut/Erth      12%        N/A       45%         4
e - Shock                 Conj/Air       48%        1d6       5%          1
Your spell library was empty.

Dungeon Overview and Level Annotations

Branches:
Dungeon (1/15)

Altars:


Innate Abilities, Weirdness & Mutations

You are immune to sickness and miasma.
You are immune to poison.
Your flesh is very heat resistant. (rF++)
You are vulnerable to cold. (rC-)
You float through the air rather than walking.
You learn spells naturally, not from books.
Your magical power is your life essence.
You have superior vitality. (+4 MHP)


Message History

You miscast Sandblast.
You are very lightly contaminated with residual magic.
Nothing appears to happen.
Casting: Sandblast (safe; 6% risk of failure)
Confirm with . or Enter, or press ? or * to list all spells.
Aiming: Sandblast (safe; 6% risk of failure)
Press: ? - help, Shift-Dir - straight line, f/p - ball python
Aim: a ball python (80% to hit)
The blast of sand hits the ball python.
You kill the ball python!
You have reached level 3!
Your experience leads to an increase in your attributes!
Increase (s)trength, (i)ntelligence, or (d)exterity?
You feel clever. x2
The power to cast Shock wells up from within.
Spell assigned to 'e'.
Your magical contamination has completely faded away.
You see here a ball python corpse.
Found a stone staircase leading down.
Found a stone staircase leading down.
There is a stone staircase leading down here.
A quokka comes into view.
The blast of sand hits the quokka but does no damage.
You miscast Sandblast.
You are very lightly contaminated with residual magic.
Nothing appears to happen.
Casting: Sandblast (safe; 5% risk of failure)
Confirm with . or Enter, or press ? or * to list all spells.
Aiming: Sandblast (safe; 5% risk of failure)
Press: ? - help, Shift-Dir - straight line, f/p - quokka
Aim: a quokka (75% to hit)
The blast of sand hits the quokka!
You kill the quokka!
Casting: Sandblast (safe; 5% risk of failure)
Confirm with . or Enter, or press ? or * to list all spells.
You can't see any susceptible monsters within range! (Use Z to cast anyway.)
Your magical contamination has completely faded away.
You now have 90 gold pieces (gained 8).
i - a scroll labelled MIDAT DUNOPIES Are you sure you want to abandon this character and quit the game? (Confirm with "yes".)

.####.###...#
##.###.####
.####.###.⌠.#
#......##
............#
#.###.#...
........##.## #...##
............# ###.#
.####.###.⌠.# #.#
.####.###...## #.#
..##...####.##.####
##.## ⌠.##.⌠.#
##.#...@.# #....
..##...###..#####.#
###..## .####[#....##
#.# #......
.........### #.#
#.#.### ########## #.#
#.#.## # #.# #.# #.#
#.#####....## # #.#
#.# #.# #.......###.#
###.#
#.########.#######..##
##. ....#
#.......##..# #..# #.


There were no monsters in sight!

Vanquished Creatures
  4 ball pythons (D:1)
  2 bats (D:1)
  A goblin (D:1)
  2 hobgoblins (D:1)
  3 jackals (D:1)
  2 quokkas (D:1)
  A frilled lizard (D:1)
  3 kobolds (D:1)
  A rat (D:1)
19 creatures vanquished.

Notes
Turn   | Place    | Note
-------+----------+-------------------------------------------
     0 | D:1      | Decritt the Djinni Earth Elementalist began the quest for
                  | the Orb.
     0 | D:1      | Decritt set off with the following spells memorised:
                  | Sandblast, Passwall, Stone Arrow, Petrify.
     0 | D:1      | Reached XP level 1. HP: 15/15 MP: 0/0
   270 | D:1      | Reached XP level 2. HP: 22/22 MP: 0/0
   310 | D:1      | Reached skill level 1 in Fighting
   544 | D:1      | Reached XP level 3. HP: 25/27 MP: 0/0
   544 | D:1      | Learned a level 1 spell: Shock
   668 | D:1      | Quit the game

Illustrated notes

Levels and vault maps discovered:
D:1:      dpeg_arrival_chambers_temple_mockup, layout_loops_ring, minmay_tall_x

Skill      XL: |  1  2 |
---------------+-------+-----
Fighting       | 1 |  1.5
Dodging        | |  2.1
Stealth        | |  1.5
Spellcasting   | |  2.8

Action                   || total
-------------------------++-------
Melee: Unarmed           ||     7
 Cast: Sandblast         ||    23
Armor: Robe              ||     4
Dodge: Dodged            ||     7

Table legend: (Time is in decaauts)
 A = Elapsed time spent in this place.
 B = Non-inter-level travel time spent in this place.
 C = Inter-level travel time spent in this place.
 D = Time resting spent in this place.
 E = Time spent auto-exploring this place.
 F = Levels seen in this place.
 G = Mean time per level.
                   A        B        C        D        E       F      G
               +--------+--------+--------+--------+--------+-----+--------+
         Total |    679 |    679 |      0 |      0 |    590 |   1 |  679.0 |
       Dungeon |    679 |    679 |      0 |      0 |    590 |   1 |  679.0 |
               +--------+--------+--------+--------+--------+-----+--------+

Top non-repeatable levels by time:
     D:1: 679 daAuts
